Map: Solaris LE

Players

Odin - Winner!

  • Race: Protoss Protoss
  • League: Master
  • Spawn Location: 1:00

GuGus

  • Race: Zerg Zerg
  • League: Grandmaster
  • Spawn Location: 7:00

VOD

Have the link to the VOD?

Description

Time

  • Played on: Oct. 6, 2023, 2:34 p.m.
  • Length: 10:34
Show
View Real Time Build Order
Export as new Build Order

Odin Protoss - Winner!

Build Orders: 1 Gate Expand, Archon Immortal, Archon Drop, Dark Templar Rush 

Get SALT Encoding   

  12  0:00  Probe  
  13  0:12  Probe  
  14  0:19  Pylon  
  14  0:24  Probe  
  15  0:38  Probe (Chrono Boost)  
  15  0:39  Gateway  
  16  0:46  Probe (Chrono Boost)  
  16  0:48  Assimilator  
  17  0:52  Probe  
  18  1:04  Probe  
  19  1:16  Probe  
  20  1:24  Nexus  
  20  1:35  Cybernetics Core  
  20  1:36  Probe  
  21  1:44  Assimilator  
  21  1:48  Probe  
  22  1:54  Pylon  
  22  2:00  Probe  
  23  2:09  Probe  
  23  2:10  Adept (Chrono Boost)  
  23  2:12  Warp Gate  
  26  2:17  Probe  
  27  2:26  Twilight Council  
  27  2:27  Probe (Chrono Boost)  
  28  2:32  Stalker  
  28  2:36  Probe (Chrono Boost)  
  32  2:45  Probe (Chrono Boost)  
  32  2:46  Probe (Chrono Boost)  
  32  2:51  Robotics Facility  
  33  2:52  Probe (Chrono Boost)  
  33  2:53  Probe  
  35  3:03  Probe  
  35  3:05  Probe  
  37  3:21  Dark Shrine  
  37  3:25  Gateway  
  37  3:27  Gateway  
  37  3:30  Gateway  
  37  3:34  Warp Prism (Chrono Boost)  
  37  3:39  Probe x2  
  41  3:45  Assimilator  
  41  3:47  Assimilator  
  41  3:51  Probe x2  
  43  3:55  Pylon  
  43  3:59  Pylon  
  43  4:03  Probe x2  
  45  4:15  Probe x2  
  47  4:27  Probe x2  
  49  4:32  Dark Templar x4  
  57  4:39  Observer, Probe x2  
  57  4:40  Pylon  
  60  4:51  Probe x2  
  62  5:04  Forge  
  62  5:05  Forge  
  62  5:06  Nexus  
  62  5:08  Archon  
  62  5:11  Archon  
  62  5:12  Dark Templar x2  
  66  5:16  Pylon  
  66  5:19  Pylon  
  66  5:20  Probe  
  67  5:26  Sentry  
  69  5:35  Charge  
  69  5:37  Immortal, Pylon x2  
  69  5:41  Protoss Ground Weapons Level 1 (Chrono Boost)  
  73  5:51  Probe x2  
  73  5:56  Protoss Ground Armor Level 1 (Chrono Boost), Shield Battery  
  75  6:03  Probe x2  
  77  6:08  Archon  
  77  6:15  Immortal (Chrono Boost), Probe x2  
  83  6:19  Probe  
  78  6:27  Probe  
  79  6:34  Probe x2  
  79  6:36  Sentry  
  79  6:37  Sentry, Zealot x2  
  79  6:39  Probe  
  90  6:46  Assimilator, Immortal, Probe x2  
  92  6:47  Assimilator  
  92  6:51  Probe  
  97  6:56  Pylon  
  97  6:58  Probe x2, Pylon  
  97  7:00  Dark Templar x2  
  103  7:01  Zealot  
  103  7:02  Zealot  
  103  7:07  Gateway  
  107  7:09  Gateway  
  107  7:13  Gateway  
  107  7:14  Archon  
  107  7:15  Gateway  
  107  7:18  Gateway  
  107  7:20  Protoss Ground Weapons Level 2 (Chrono Boost)  
  107  7:21  Gateway  
  107  7:24  Probe x3  
  110  7:31  Warp Prism (Chrono Boost), Protoss Ground Armor Level 2 (Chrono Boost)  
  112  7:40  Sentry x2  
  112  7:41  Zealot x2  
  116  8:03  Zealot x5  
  116  8:05  Immortal (Chrono Boost)  
  122  8:18  Dark Templar x4  
  122  8:19  Zealot  
  130  8:25  Nexus, Archon x2  
  130  8:30  Zealot x3  
  110  8:49  Zealot x3  
  110  8:50  Zealot  
  110  8:51  Zealot x4  
  110  8:52  Sentry x2  
  130  8:57  Pylon  
  128  9:14  Pylon  
  128  9:15  Dark Templar x3  
  128  9:16  Dark Templar  
  136  9:17  Dark Templar x2  
  136  9:21  Archon x3  
  140  9:25  Pylon  
  140  9:26  Pylon  
  140  9:37  Zealot x2  
  144  9:40  Zealot x2  
  140  9:58  Zealot x8  
  140  10:17  Zealot x2  
  140  10:22  Zealot x8  
Show
View Real Time Build Order
Export as new Build Order

GuGus Zerg 

Build Orders: Hatch First 

Get SALT Encoding   

  12  0:00  Drone  
  13  0:08  Drone  
  14  0:17  Overlord  
  14  0:36  Drone x2  
  16  0:48  Hatchery  
  15  0:51  Drone  
  15  0:55  Drone  
  17  1:01  Drone  
  18  1:09  Extractor  
  17  1:17  Drone, Spawning Pool  
  17  1:20  Drone  
  18  1:32  Drone  
  19  1:42  Drone  
  20  1:50  Hatchery  
  20  1:53  Drone  
  21  2:01  Drone  
  21  2:04  Queen  
  23  2:09  Drone  
  23  2:13  Drone  
  25  2:17  Drone  
  25  2:21  Metabolic Boost  
  26  2:27  Overlord  
  26  2:31  Drone  
  26  2:35  Drone  
  28  2:46  Zergling x6  
  28  2:49  Queen  
  33  2:54  Drone, Queen  
  36  3:04  Overlord  
  36  3:07  Drone x2  
  36  3:11  Drone  
  39  3:14  Drone  
  39  3:17  Drone  
  41  3:20  Overlord  
  41  3:22  Queen  
  41  3:25  Overlord  
  43  3:33  Drone x2  
  45  3:34  Roach Warren  
  45  3:37  Overlord  
  45  3:38  Drone  
  45  3:42  Drone  
  45  3:47  Drone  
  45  3:48  Drone  
  48  3:50  Extractor, Queen  
  48  3:53  Drone  
  50  3:55  Overlord  
  50  3:57  Drone  
  51  4:06  Drone x2  
  51  4:08  Overlord  
  53  4:10  Spore Crawler  
  53  4:12  Spore Crawler  
  53  4:13  Spore Crawler  
  50  4:18  Queen  
  50  4:21  Zergling x4  
  54  4:26  Roach  
  56  4:32  Roach x3  
  56  4:36  Roach  
  66  4:38  Roach  
  66  4:43  Roach x2  
  70  4:49  Roach x2  
  71  4:57  Roach  
  73  5:01  Drone  
  73  5:02  Overlord  
  73  5:04  Lair  
  74  5:09  Overlord  
  74  5:10  Overlord  
  74  5:12  Spore Crawler  
  73  5:17  Overlord  
  73  5:22  Drone x5  
  73  5:24  Extractor  
  73  5:26  Roach  
  79  5:33  Drone x3  
  79  5:35  Drone  
  82  5:37  Drone x3  
  82  5:40  Overlord  
  84  5:44  Overlord  
  84  5:47  Drone  
  84  5:48  Drone  
  86  5:51  Extractor, Drone  
  86  5:52  Drone x2  
  88  6:01  Glial Reconstitution  
  88  6:05  Overlord  
  88  6:07  Drone x4  
  88  6:08  Queen  
  94  6:15  Roach x2  
  98  6:30  Roach x6  
  98  6:31  Roach x2  
  114  6:33  Roach  
  114  6:38  Roach x2  
  120  6:48  Roach  
  120  6:49  Roach x3  
  128  6:54  Overlord x2  
  128  6:55  Hatchery  
  128  6:58  Roach, Ravager  
  128  6:59  Overlord  
  130  7:18  Roach x4  
  130  7:19  Roach x4  
  130  7:22  Overlord x2  
  146  7:27  Overseer x2  
  146  7:40  Ravager  
  146  7:41  Ravager x3  
  146  7:43  Zergling x16  
  156  7:53  Roach x2  
  156  7:54  Roach  
  162  8:04  Overseer x2  
  162  8:10  Roach x4  
  152  8:15  Roach x2  
  152  8:18  Zergling x2, Roach  
  158  8:20  Roach  
  158  8:22  Zergling x8, Extractor  
  158  8:23  Roach  
  146  8:34  Roach x2  
  146  8:37  Roach x2  
  152  8:44  Roach  
  152  8:46  Roach x2  
  150  8:49  Roach x3  
  152  8:57  Extractor  
  152  8:59  Overlord x4  
  151  9:07  Roach x6  
  130  9:10  Roach x4  
  130  9:13  Roach x2  
  130  9:16  Drone x3  
  145  9:20  Spore Crawler  
  145  9:21  Roach  
  145  9:23  Roach x2  
  150  9:27  Roach x2  
  154  9:36  Roach x4  
  161  9:43  Roach x6  
  161  9:44  Roach  
  172  9:47  Roach  
  162  9:59  Roach x3  
  131  10:00  Roach  
  131  10:02  Roach x2  
  123  10:11  Roach x2  
  123  10:12  Roach x4  
Tags
 
Add a new tag
Caveats
  • Supply blocks, unpowered buildings, or Contaminate may cause inaccurate times.
  • Supply counts are checked every 10 seconds.